 Dungeon Crawl Stone Soup version 0.22.1-2-g9c5b331 (webtiles) character file.

250 toffzen the Chopper (level 5, -1/46 HPs)
             Began as a Minotaur Arcane Marksman on Dec 29, 2018.
             Was an Initiate of Ru.
             Killed by nerve-wracking pain
             ... invoked by an orc priest
              (14 damage)
             ... on level 3 of the Dungeon.
             The game lasted 00:05:20 (2875 turns).

toffzen the Chopper (Minotaur Arcane Marksman)      Turns: 2875, Time: 00:05:21

Health: -1/46      AC:  8    Str: 15    XL:     5   Next: 88%
Magic:  5/5        EV:  7    Int: 10    God:    Ru [......]
Gold:   101        SH:  0    Dex: 11    Spells: 5/6 levels left

rFire    . . .     SeeInvis .   a - +2 hand axe (chop)
rCold    . . .     Gourm    .   (no shield)
rNeg     . . .     Faith    .   r - +0 chain mail (curse)
rPois    .         Spirit   .   (helmet restricted)
rElec    .         Reflect  .   (no cloak)
rCorr    .         Harm     .   (no gloves)
MR       .....                  (no boots)
Stlth    ..........             (no amulet)
HPRegen  0.15/turn              (no ring)
MPRegen  0.09/turn              (no ring)

@: drained
A: retaliatory headbutt, horns 2
a: Renounce Religion


You were on level 3 of the Dungeon.
You worshipped Ru.
Ru was noncommittal.
You were not hungry.

You visited 1 branch of the dungeon, and saw 3 of its levels.

You collected 101 gold pieces.

Inventory:

Hand Weapons
 a - a +2 hand axe of chopping (weapon)
 k - a +0 hunting sling
Missiles
 c - 5 javelins (quivered)
 d - 2 throwing nets
 g - 77 stones
 j - 60 sling bullets
Armour
 o - a +0 ring mail
 r - a cursed +0 chain mail (worn)
Jewellery
 b - a cursed ring of attention {unknown}
 p - an uncursed ring of ice {unknown}
Potions
 e - 3 potions of brilliance
 h - a potion of curing
 m - a potion of heal wounds {unknown}
 q - a potion of invisibility {unknown}
 t - a potion of cancellation {unknown}
 u - 2 potions of might
Comestibles
 f - 4 rations
 i - 14 chunks of flesh


   Skills:
 + Level 3.6(3.2) Fighting
 * Level 3.8(3.3) Axes
 - Level 2.0(1.5) Throwing
 + Level 2.9(2.4) Armour
 + Level 3.6(3.1) Dodging
 - Level 1.0(0.5) Spellcasting
 - Level 2.0(1.5) Hexes


You had 5 spell levels left.
You knew the following spells:

 Your Spells              Type           Power        Failure   Level  Hunger
a - Corona                Hex            #......      99%         1    ##.....

Your spell library contained the following spells:

 Spells                   Type           Power        Failure   Level  Hunger
 Slow                     Hex            #.......     99%         2    ###....
 Inner Flame              Hex/Fire       #.......     100%        3    ####...
 Portal Projectile        Hex/Tloc       #.....       100%        3    ####...
 Cause Fear               Hex            #.........   100%        4    #####..
 Leda's Liquefaction      Hex/Erth       #.........   100%        4    #####..


Dungeon Overview and Level Annotations

Branches:
Dungeon (3/15)

Altars:
Ru


Innate Abilities, Weirdness & Mutations

You reflexively headbutt those who attack you in melee.
You have a pair of horns on your head.


Message History

The orc priest hits you but does no damage.
You feel better. The orc barely misses you.
The goblin hits you but does no damage.
The orc priest hits you but does no damage.
You barely miss the orc priest. Your headbutt misses the orc priest.
The orc priest is moderately wounded.
You barely miss the goblin. You barely miss the orc.
The orc hits you but does no damage.
You feel drained. The goblin hits you with a dagger.
The orc priest invokes the aid of Beogh against you.
Beogh smites you!
* * * LOW HITPOINT WARNING * * *
The orc hits you but does no damage.
You feel drained.
You hit the orc priest.
The orc priest is moderately wounded.
You hit the orc. You hit the goblin.
You kill the goblin!
The orc priest calls down the wrath of Beogh upon you.
Pain shoots through your body!
You die...

.# # .# .# #. ....≈ .# #.##
##. ...S .... .##.... ...
...# .o)( .#..# %. ... .....
...# .. #.#.. .....
...##........##... .r...
÷..............go####.o#
####.........###@##...# #
#.........#..o)..# #
#.........#......# #
#...[....((.....## #
##........#.......######## #
#.........#..............# #
##.#.#[)###...............#
###..#....###.###..##.......#
....####..##..# #...#.......#


You could see an orc priest, an adder (wandering), an orc and a goblin.

Vanquished Creatures
  An orc priest (D:3)
  An orc wizard (D:3)
  Terence (D:3)
  8 adders
  An adder zombie (D:3)
  2 worms
  A dart slug (D:2)
  3 leopard geckos
  5 orcs (D:3)
  3 giant cockroaches
  8 goblins
  10 hobgoblins
  6 jackals
  10 bats
  5 frilled lizards
  8 kobolds
  7 rats
80 creatures vanquished.

Notes
Turn   | Place    | Note
-------+----------+-------------------------------------------
     0 | D:1      | toffzen the Minotaur Arcane Marksman began the quest for
                  | the Orb.
     0 | D:1      | Reached XP level 1. HP: 16/16 MP: 1/1
    11 | D:1      | Noticed a seven-headed hydra
    11 | D:1      | Noticed a wolf
    11 | D:1      | Noticed an anaconda
   180 | D:1      | Reached XP level 2. HP: 24/24 MP: 2/2
   291 | D:1      | Reached skill level 1 in Armour
   782 | D:1      | Reached XP level 3. HP: 29/30 MP: 3/3
  1109 | D:2      | Reached skill level 1 in Axes
  1400 | D:2      | Reached XP level 4. HP: 33/37 MP: 4/4
  2320 | D:3      | Noticed Terence
  2428 | D:3      | Reached XP level 5. HP: 28/45 MP: 5/5
  2599 | D:3      | Found a sacrificial altar of Ru.
  2608 | D:3      | Became a worshipper of Ru the Awakened
  2658 | D:3      | Killed Terence
  2875 | D:3      | Killed from afar by an orc priest

Skill      XL: |  1  2  3  4 |
---------------+-------------+-----
Fighting       | 2 3 |  3.6
Armour         | 1 2 |  2.9
Axes           | 2 3 |  3.8
Dodging        | 3 |  3.6
Throwing       | |  2.0
Spellcasting   | |  1.0
Hexes          | |  2.0

Action                   |  1- 3 |  4- 6 || total
-------------------------+-------+-------++-------
Melee: Dagger            |    35 |       ||    35
       Unarmed           |     7 |       ||     7
       Hand axe          |    52 |   120 ||   172
       Headbutt          |     9 |    12 ||    21
  Use: Scroll            |       |     4 ||     4
       Potion            |       |     1 ||     1
  Eat: Chunk             |     2 |     4 ||     6
Armor: Leather armour    |    13 |       ||    13
       Robe              |     1 |       ||     1
       Ring mail         |    19 |       ||    19
       Chain mail        |       |    76 ||    76
Dodge: Dodged            |    71 |    50 ||   121
